 Dungeon Crawl Stone Soup version 0.23.0-3-gf3c87f2 (webtiles) character file.

Game seed: 6198688511916143865

3805 Gazerockf the Nimble (level 9, -6/72 (79) HPs)
             Began as a Minotaur Hunter on Feb 23, 2019.
             Was a Priest of Okawaru.
             Mangled by an ice beast (17 damage)
             ... on level 9 of the Dungeon.
             The game lasted 00:33:13 (7948 turns).

Gazerockf the Nimble (Minotaur Hunter)              Turns: 7948, Time: 00:33:13

HP:   -6/72 (79)    AC:  4    Str: 16    XL:     9   Next: 96%
MP:   0/8           EV: 18    Int:  8    God:    Okawaru [***...]
Gold: 509           SH:  0    Dex: 15    Spells: 8/8 levels left

rFire    + + .     SeeInvis .   a - +3 dagger (venom)
rCold    x . .     Gourm    .   (no shield)
rNeg     . . .     Faith    .   c - +0 leather armour
rPois    .         Spirit   +   (helmet restricted)
rElec    .         Reflect  .   (no cloak)
rCorr    .         Harm     .   (no gloves)
MR       .....                  u - +0 pair of boots
Stlth    +++.......             V - amulet of guardian spirit
HPRegen  0.22/turn              B - ring of fire
MPRegen  0.11/turn              C - ring of protection from fire

@: no status effects
A: retaliatory headbutt, horns 2
a: Heroism, Renounce Religion


You were on level 9 of the Dungeon.
You worshipped Okawaru.
Okawaru was most pleased with you.
You were near starving.

You visited 2 branches of the dungeon, and saw 10 of its levels.

You collected 509 gold pieces.

Inventory:

Hand Weapons
 a - a +3 dagger of venom (weapon)
 b - a +1 hand crossbow
 p - a +0 short sword
 G - a +3 quarterstaff of chaos
 Q - a +2 falchion of freezing
 U - a +0 shortbow of flaming
Missiles
 d - 2 bolts
 R - 44 arrows
Armour
 c - a +0 leather armour (worn)
 j - a +0 cloak
 u - a +0 pair of boots (worn)
 x - a +0 animal skin
 y - a +0 plate armour
Magical Staves
 J - an uncursed staff of power
 O - an uncursed staff of conjuration {unknown}
Jewellery
 B - a ring of fire (left hand)
 C - a ring of protection from fire (right hand)
 D - an uncursed amulet of regeneration
 P - an uncursed ring of wizardry
 V - an amulet of guardian spirit (around neck)
Wands
 t - a wand of polymorph (3)
 z - a wand of scattershot (6)
 I - a wand of digging (6)
 K - a wand of iceblast (15)
 S - a wand of flame (8)
Scrolls
 h - 3 scrolls of enchant armour
 i - 2 scrolls of teleportation
 k - 2 scrolls of enchant weapon
 m - 2 scrolls of remove curse
 n - 2 scrolls of amnesia
 v - a scroll of immolation
 w - a scroll of blinking
 H - 4 scrolls of fear
 M - 2 scrolls of fog {unknown}
 N - 2 scrolls of vulnerability {unknown}
Potions
 e - 4 potions of lignification {unknown}
 g - a potion of ambrosia {unknown}
 l - 3 potions of heal wounds {unknown}
 o - 3 potions of magic {unknown}
 q - a potion of resistance {unknown}
 r - 3 potions of curing {unknown}
 s - 6 potions of degeneration {unknown}
 A - 2 potions of flight {unknown}
 E - 2 potions of invisibility {unknown}
 L - a potion of cancellation {unknown}
 T - a potion of mutation {unknown}
Comestibles
 f - 16 rations
 F - 2 chunks of flesh


   Skills:
 - Level 7.0 Fighting
 * Level 7.2 Crossbows
 - Level 10.0 Dodging
 - Level 7.5 Stealth


You had 8 spell levels left.
You didn't know any spells.
Your spell library was empty.

Dungeon Overview and Level Annotations

Branches:
Dungeon (9/15)             Temple (1/1) D:5             Orc (0/2) D:9
   Lair: D:8-11

Altars:
Ashenzari
Cheibriados
Elyvilon
Fedhas
Gozag
Hepliaklqana
Kikubaaqudgha
Makhleb
Nemelex Xobeh
Okawaru
Ru
Sif Muna
Uskayaw
Vehumet
Wu Jian
Xom
Zin
The Shining One

Shops:
D:5 !   D:6 *   D:8 (

Annotations:
D:8 5 runed translucent doors
D:9 2 transporters, 2 runed translucent doors, Joseph; SeriousVitamin's ghost, novice DEEE


Innate Abilities, Weirdness & Mutations

You reflexively headbutt those who attack you in melee.
You have a pair of horns on your head.


Message History

You headbutt the hungry ghost! The ice beast barely misses you.
You hit the hungry ghost. Your headbutt misses the hungry ghost.
The hungry ghost is almost destroyed.
The hungry ghost closely misses you. You furiously retaliate!
You headbutt the hungry ghost, but do no damage.
The ice beast closely misses you.
You hit the hungry ghost.
The hungry ghost is almost destroyed.
The hungry ghost misses you. The ice beast misses you.
You hit the hungry ghost.
You destroy the hungry ghost!
Okawaru accepts your kill. The ice beast hits you. The ice beast freezes you!!
You feel a terrible chill!
* * * LOW HITPOINT WARNING * * *
You hit the ice beast.
The ice beast is lightly wounded.
The ice beast hits you.
* * * LOW HITPOINT WARNING * * *
The ice beast freezes you!!
You feel a terrible chill!
You die...

,,,,,,,.........................#
***,,,,...................<.....#
***,,**############.............#
,,,,,,,,,,......................#
,,,,,,,,,**######...............#
,,,,,,,,,########..############.#
,,,,,,,,,........%..............#
,,,,,,,,,.>.....................#
,,,,,,,,,....)..@.....########..#
,*******,......Y......# #..#
,,,,,,,,,.............#**** #..#
,,,,,,,,,.......(.......,,* ##.#
*********#####...########** #.#
#...# #####.# #...# #.#.#.#
*************#..(# #...).#
,,,,,,,,,,,,,....##############.#


You could see an ice beast.

Vanquished Creatures
  Pikel (D:8)
  A hippogriff (D:9)
  A spriggan (D:9)
  A wyvern (D:7)
  A wraith (D:8)
  A hungry ghost (D:9)
  Edmund (D:4)
  2 black bears (D:8)
  A necrophage (D:8)
  An ice beast (D:7)
  An orc warrior (D:7)
  A phantom (D:4)
  An ogre (D:6)
  A centaur (D:9)
  An elf zombie (D:8)
  3 bullfrogs
  A scorpion (D:8)
  3 wights
  6 howler monkeys
  A crimson imp (D:6)
  An orc priest (D:8)
  3 human zombies (D:8)
  4 hounds
  Crazy Yiuf (D:4)
  2 bullfrog skeletons
  9 orc wizards
  A gnoll shaman (D:5)
  An iguana (D:8)
  A worker ant (D:4)
  A hound zombie (D:8)
  An ogre skeleton (D:8)
  A mummy (D:8)
  Robin (D:2)
  A howler monkey zombie (D:8)
  7 adders
  9 gnolls
  3 shadow imps
  An adder skeleton (D:5)
  2 worms
  A dart slug (D:4)
  4 leopard geckos
  26 orcs
  9 giant cockroaches
  12 goblins
  9 hobgoblins
  18 jackals
  7 quokkas
  A ball python (D:3)
  8 bats
  5 frilled lizards
  A jackal skeleton (D:4)
  7 kobolds
  A leopard gecko zombie (D:5)
  A quokka skeleton (D:8)
  5 rats
  4 fungi (D:4)
199 creatures vanquished.

Vanquished Creatures (others)
  A slave (D:8)
  A necrophage (D:8)
  A howler monkey (D:8)
  A hound skeleton (D:8)
  A fungus (D:4)
5 creatures vanquished.

Grand Total: 204 creatures vanquished

Notes
Turn   | Place    | Note
-------+----------+-------------------------------------------
     0 | D:1      | Gazerockf the Minotaur Hunter began the quest for the Orb.
     0 | D:1      | Reached XP level 1. HP: 18/18 MP: 0/0
   229 | D:1      | Reached XP level 2. HP: 25/26 MP: 1/1
   821 | D:2      | Reached XP level 3. HP: 29/33 MP: 2/2
  1063 | D:2      | Reached skill level 5 in Fighting
  1213 | D:2      | Noticed Robin
  1219 | D:2      | Reached XP level 4. HP: 33/42 MP: 3/3
  1230 | D:2      | Killed Robin
  1522 | D:3      | Reached skill level 5 in Crossbows
  2083 | D:3      | Found a glowing silver altar of Zin.
  2413 | D:4      | Reached XP level 5. HP: 47/48 MP: 4/4
  2633 | D:4      | Noticed Edmund
  2651 | D:4      | Killed Edmund
  2651 | D:4      | Reached XP level 6. HP: 24/56 MP: 5/5
  2671 | D:4      | Found a snail-covered altar of Cheibriados.
  3111 | D:4      | Reached skill level 3 in Dodging
  3160 | D:4      | Reached skill level 4 in Dodging
  3282 | D:4      | Found a runed translucent door.
  3283 | D:4      | Noticed Crazy Yiuf
  3290 | D:4      | Killed Crazy Yiuf
  3290 | D:4      | Reached XP level 7. HP: 61/61 MP: 6/6
  3491 | D:5      | Entered Level 5 of the Dungeon
  3496 | D:5      | Found a staircase to the Ecumenical Temple.
  3504 | D:5      | Reached skill level 5 in Dodging
  3513 | Temple   | Entered the Ecumenical Temple
  3576 | Temple   | Became a worshipper of Warmaster Okawaru
  3681 | D:5      | Found Aggyufiw's Distillery.
  3740 | D:5      | Found a white marble altar of Elyvilon.
  3878 | D:5      | Found a sparkling altar of Nemelex Xobeh.
  4134 | D:6      | Reached skill level 6 in Dodging
  4200 | D:6      | Found Lethrykko's Mayhem Merchandise.
  4453 | D:6      | Found a burning altar of Makhleb.
  4502 | D:6      | Reached * piety under Okawaru
  4502 | D:6      | Reached skill level 7 in Dodging
  5115 | D:7      | Reached XP level 8. HP: 64/68 MP: 7/7
  5492 | D:7      | Found a glowing golden altar of the Shining One.
  5604 | D:7      | Reached skill level 8 in Dodging
  5668 | D:7      | Reached skill level 9 in Dodging
  5684 | D:7      | Reached ** piety under Okawaru
  6342 | D:8      | Reached skill level 10 in Dodging
  6578 | D:8      | Found Ici Uqer's Weapon Boutique.
  6610 | D:8      | Reached skill level 1 in Stealth
  6700 | D:8      | Reached XP level 9. HP: 75/79 MP: 8/8
  6814 | D:8      | Noticed Pikel
  6827 | D:8      | Killed Pikel
  6827 | D:8      | Reached *** piety under Okawaru
  6946 | D:8      | Reached skill level 5 in Stealth
  7185 | D:8      | Found a runed translucent gate.
  7187 | D:8      | Found a runed translucent gate.
  7187 | D:8      | Found a runed translucent gate.
  7195 | D:8      | Found a runed translucent door.
  7204 | D:8      | Found a runed translucent door.
  7206 | D:8      | Found the +9 staff of Olgreb {rPois}
  7525 | D:8      | Found an ancient bone altar of Kikubaaqudgha.
  7762 | D:9      | Found a transporter.
  7765 | D:9      | Found a transporter.
  7771 | D:9      | Noticed a komodo dragon
  7773 | D:9      | Found an ornate altar of the Wu Jian Council.
  7781 | D:9      | a komodo dragon changed into a hippogriff
  7801 | D:9      | Found a large runed translucent door.
  7802 | D:9      | Found a large runed translucent door.
  7805 | D:9      | Noticed SeriousVitamin's ghost (novice DEEE)
  7807 | D:9      | Noticed Joseph
  7845 | D:9      | Found a staircase to the Orcish Mines.
  7948 | D:9      | Mangled by an ice beast

Skill      XL: |  1  2  3  4  5  6  7  8  9 |
---------------+----------------------------+-----
Fighting       | 3 4 5 7 |  7.0
Crossbows      | 5 7 |  7.2
Dodging        | 4 7 10 | 10.0
Stealth        | 1 7 |  7.5

Action                   |  1- 3 |  4- 6 |  7- 9 || total
-------------------------+-------+-------+-------++-------
Melee: Short sword       |    22 |       |       ||    22
       Headbutt          |    15 |    35 |    81 ||   131
       Dagger            |    70 |   141 |   339 ||   550
       Punch             |       |       |     1 ||     1
 Fire: Hand crossbow     |       |       |    77 ||    77
Invok: Heroism           |       |       |     3 ||     3
  Use: Scroll            |       |     4 |    13 ||    17
       Potion            |       |       |     1 ||     1
 Stab: Sleeping          |       |     1 |     5 ||     6
       Distracted        |       |       |     2 ||     2
  Eat: Chunk             |     1 |     7 |     8 ||    16
       Ration            |       |       |     2 ||     2
Armor: Leather armour    |    29 |    26 |    40 ||    95
Dodge: Dodged            |    78 |    69 |   314 ||   461
